 Dungeon Crawl Stone Soup version 0.27.1-34-g3ba077fa99 (webtiles) character file.

Game seed: 2695399448632366258

110624 boopmooplesden the Peltast (level 16, -26/144 HPs)
             Began as a Minotaur Fighter on Jan 15, 2022.
             Was the Champion of Okawaru.
             Killed from afar by a deep elf zephyrmancer (44 damage)
             ... with a bolt of lightning
             ... on level 1 of the Elven Halls on Jan 16, 2022.
             The game lasted 00:44:02 (29238 turns).

boopmooplesden the Peltast (Minotaur Fighter)      Turns: 29238, Time: 00:44:03

Health: -26/144    AC: 28    Str: 28    XL:     16   Next: 7%
Magic:  16/16      EV: 14    Int: 10    God:    Okawaru [******]
Gold:   1880       SH: 22    Dex: 13    Spells: 15/15 levels left

rFire    + + .     SeeInvis +   L - +9 war axe of Heunkeh {vorpal, Str+4}
rCold    x . .     Faith    .   V - +1 kite shield {rN+}
rNeg     + . .     Spirit   .   z - +2 fire dragon scales
rPois    .         Reflect  +   U - +0 hat
rElec    .         Harm     +   e - +2 cloak
rCorr    .         Rampage  .   W - +1 pair of gloves of Cauwk {Harm Int+4}
Will     +....                  Q - +1 pair of boots {Stlth+}
Stlth    ++........             S - amulet of reflection
HPRegen  0.34/turn              w - +4 ring of protection
MPRegen  0.15/turn              x - ring of see invisible

@: studying Armour
A: horns 2, retaliatory headbutt, wild magic 1, noise suppression
a: Renounce Religion, Heroism, Finesse


You were on level 1 of the Elven Halls.
You worshipped Okawaru.
Okawaru was exalted by your worship.
You visited 5 branches of the dungeon, and saw 25 of its levels.

You collected 1880 gold pieces.

Inventory:

Hand Weapons
 i - a +0 executioner's axe of distortion
 q - the +7 battleaxe of the Saving Wasp {venom, rCorr Int+3 Dex-3 SInv}
   (You found it on level 6 of the Lair of Beasts)

   It poisons the flesh of those it strikes.
   Int:       It affects your intelligence (+3).
   Dex:       It affects your dexterity (-3).
   SInv:      It lets you see invisible.
   rCorr:     It protects you from acid and corrosion.
 s - the +11 dagger of Ru's Approval {vorpal, *Rage rC++}
   (You found it on level 6 of the Dungeon)

   It inflicts extra damage upon your enemies.
   rC:        It greatly protects you from cold.
   *Rage:     It may make you go berserk in combat.
 L - the +9 war axe of Heunkeh (weapon) {vorpal, Str+4}
   (You found it on level 3 of the Lair of Beasts)

   It inflicts extra damage upon your enemies.
   Str:       It affects your strength (+4).
 N - a +4 scimitar of flaming
 P - a +1 vampiric demon blade
 X - the +8 mace "Baacw" {antimagic, Stlth+}
   (You found it on level 3 of the Lair of Beasts)

   It reduces the magical energy of the wielder, and disrupts the spells and
   magical abilities of those it strikes.
   Natural abilities and divine invocations are not affected.
   Stlth:     It makes you more stealthy.
Missiles
 J - 3 throwing nets (quivered)
Armour
 e - a +2 cloak (worn)
 p - the +1 plate armour "Boutifux" {rPois}
   (Okawaru gifted it to you on level 6 of the Lair of Beasts)

   rPois:     It protects you from poison.
 z - +2 fire dragon scales (worn)
 Q - a +1 pair of boots of stealth (worn)
 U - a +0 hat (worn)
 V - a +1 kite shield of positive energy (worn)
 W - the +1 pair of gloves of Cauwk (worn) {Harm Int+4}
   (You found it on level 11 of the Dungeon)

   Int:       It affects your intelligence (+4).
   Harm:      It increases damage dealt and taken.
Jewellery
 v - an amulet of faith
 w - a +4 ring of protection (left hand)
 x - a ring of see invisible (right hand)
 I - a ring of positive energy
 O - a ring of positive energy
 S - an amulet of reflection (around neck)
 T - a ring of flight
 Z - a +6 ring of strength
Wands
 d - a wand of flame (59)
 n - a wand of charming (18)
 G - a wand of polymorph (23)
 K - a wand of mindburst (30)
 M - a wand of acid (25)
 Y - a wand of paralysis (17)
Scrolls
 a - 3 scrolls of torment {unknown}
 b - a scroll of fog
 k - 4 scrolls of amnesia
 l - 10 scrolls of teleportation
 y - 4 scrolls of magic mapping
 A - 10 scrolls of identify
 C - 5 scrolls of fear
 D - 4 scrolls of blinking
Potions
 c - a potion of cancellation {unknown}
 f - 4 potions of heal wounds
 g - a potion of haste
 h - a potion of resistance
 j - 5 potions of curing
 m - 5 potions of flight
 o - 2 potions of berserk rage
 r - 4 potions of attraction
 t - 2 potions of invisibility
 u - 2 potions of might
 B - 2 potions of degeneration
 E - 4 potions of brilliance
 H - 2 potions of lignification
Miscellaneous
 R - a piece from Xom's chessboard (15/15)


   Skills:
 + Level 13.6 Fighting
 + Level 9.8(12.8) Short Blades
 + Level 14.5(15.6) Long Blades
 + Level 9.4 Axes
 + Level 14.2 Armour
 + Level 9.3 Dodging
 + Level 2.8 Stealth
 + Level 17.6 Shields
 + Level 2.2 Invocations


You had 15 spell levels left.
You didn't know any spells.
Your spell library contained the following spells:

 Spells                   Type           Power      Damage    Failure   Level
 Animate Skeleton         Necr           0%         N/A       67%         1
 Apportation              Tloc           0%         N/A       67%         1
 Corona                   Hex            0%         N/A       67%         1
 Pain                     Necr           0%         1d4       67%         1
 Summon Small Mammal      Summ           0%         N/A       67%         1
 Ensorcelled Hibernation  Hex/Ice        0%         N/A       82%         2
 Passwall                 Tmut/Erth      0%         N/A       82%         2
 Slow                     Hex            0%         N/A       82%         2
 Call Canine Familiar     Summ           0%         N/A       95%         3
 Confusing Touch          Hex            0%         N/A       95%         3
 Dazzling Flash           Conj/Hex       0%         N/A       95%         3
 Spider Form              Tmut/Pois      0%         N/A       95%         3
 Stone Arrow              Conj/Erth      0%         3d7       95%         3
 Summon Guardian Golem    Hex/Summ       0%         N/A       95%         3
 Swiftness                Air            0%         N/A       95%         3
 Animate Armour           Summ/Erth      0%         N/A       100%        4
 Animate Dead             Necr           0%         N/A       100%        4
 Fulminant Prism          Conj/Hex       0%         3d6       100%        4
 Iskenderun's Mystic Bla  Conj/Tloc      0%         2d3       100%        4
 Agony                    Necr           0%         N/A       100%        5
 Blade Hands              Tmut           0%         N/A       100%        5
 Excruciating Wounds      Necr           0%         N/A       100%        5
 Iskenderun's Battlesphe  Conj           0%         2d6       100%        5
 Lee's Rapid Deconstruct  Erth           0%         3d5*      100%        5
 Yara's Violent Unravell  Hex/Tmut       0%         3d3       100%        5
 Invisibility             Hex            0%         N/A       100%        6
 Iron Shot                Conj/Erth      0%         9d1       100%        6
 Shadow Creatures         Summ           N/A        N/A       100%        6
 Starburst                Conj/Fire      0%         6d3       100%        6
 Haunt                    Necr/Summ      0%         N/A       100%        7
 Spellforged Servitor     Conj/Summ      0%         N/A       100%        7
 Infestation              Necr           0%         N/A       100%        8
 Lehudib's Crystal Spear  Conj/Erth      0%         10d2      100%        8


Dungeon Overview and Level Annotations

Branches:
Dungeon (15/15) Temple (1/1) D:6 Lair (6/6) D:10 Swamp (0/4) Lair:3 Snake (0/4) Lair:4 Slime (0/5) Lair:5 Lair:6 Orc (2/2) D:10 Elf (1/3) Orc:2 Vaults (0/5) D:14 Depths (0/5) D:15

Altars:
Ashenzari
Cheibriados
Dithmenos
Elyvilon
Fedhas
Gozag
Hepliaklqana
Kikubaaqudgha
Makhleb
Nemelex Xobeh
Okawaru
Qazlal
Ru
Sif Muna
Trog
Uskayaw
Vehumet
Wu Jian
Xom
Yredelemnul
Zin
The Shining One
Beogh
Lugonu

Shops:
D:9 (   D:11 (   Orc:1 :   Orc:2 (:**

Portals:
Abyss: Lair:6

Annotations:
Lair:4 exclusion: 4 oklob plants


Innate Abilities, Weirdness & Mutations

You have a pair of horns on your head.
You reflexively headbutt those who attack you in melee.
Your spells are a little harder to cast, but a little more powerful.
You passively dampen the noise of your surroundings.


Message History

The deep elf archer gestures at you while chanting.
You resist with some effort.
The deep elf archer shoots an arrow.
The arrow hits you!!
* * * LOW HITPOINT WARNING * * *
The deep elf archer shoots an arrow.
You reflect the arrow off an invisible shield around you!
The arrow misses the deep elf archer.
The deep elf archer unwields a +0 longbow.
The deep elf archer wields a +0 short sword.
You block the deep elf archer's attack.
You slice the deep elf archer!!
You kill the deep elf archer!
Okawaru accepts your kill.
Items here: ( )) [.
You start resting.
Magic restored.
You start resting.
You feel like a meek peon again.
You start resting.
A deep elf zephyrmancer comes into view.
It is wielding a +0 dagger.
The deep elf zephyrmancer shouts!
You start resting.
A deep elf zephyrmancer is nearby!
The deep elf zephyrmancer points at you and mumbles some strange words.
The bolt of lightning hits you.
* * * LOW HITPOINT WARNING * * *
You block the deep elf zephyrmancer's attack.
You slash the deep elf zephyrmancer!
The deep elf zephyrmancer is heavily wounded.
You block the deep elf zephyrmancer's attack. x2
You closely miss the deep elf zephyrmancer.
The deep elf zephyrmancer is heavily wounded.
You block the deep elf zephyrmancer's attack.
You hit the deep elf zephyrmancer.
The deep elf zephyrmancer is severely wounded.
You feel yourself speed up.
You block the deep elf zephyrmancer's attack.
The deep elf zephyrmancer casts a spell at you.
The bolt of lightning hits you!!!
You die...

..# .. ... #... ###
.###e..#.#... ##..#
#...#.#...#.#
#...)#.....#.....#.
#...#.#...#.#...#.#(
#.##..)###...#.#...#
#.....)...e...#.......
#.)......@.).#.#......
#.######.#..#...#....#
#. #.#..#...#....# #
##'#..#...#....#####
#......#.#.....#....
#.......#....# #....
.........#.#...# ##...
####.....#...#..# #...
#.....#...#..# ##..


You could see a deep elf zephyrmancer.

Vanquished Creatures
  An orc warlord (Orc:2)
  A stone giant (D:15)
  A dire elephant (Lair:6)
  Josephine (D:10)
  An ogre mage (D:15)
  Harold (Lair:2)
  8 vault guards (D:14)
  7 hydras
  6 boulder beetles
  Erica (Lair:1)
  An anaconda (Lair:6)
  2 centaur warriors (D:13)
  13 two-headed ogres
  3 death yaks (D:10)
  4 tengu warriors
  4 thrashing horrors (Lair:6)
  An orc high priest (Orc:2)
  Nergalle (D:11)
  Sonja (D:10)
  2 large abominations (Lair:6)
  A deep elf archer (Elf:1)
  3 deep elf pyromancers
  6 orc sorcerers
  4 deep elf zephyrmancers (Elf:1)
  9 ugly things
  An orc knight (D:15)
  A manticore (D:11)
  A will-o-the-wisp (Lair:3)
  2 cyclopes
  Maurice (D:9)
  24 elephants
  A smoke demon (Lair:6)
  7 black mambas
  2 torpor snails
  A gargoyle (D:12)
  9 cane toads
  Maggie (D:10)
  An efreet (D:13)
  8 komodo dragons
  A yaktaur (shapeshifter) (Lair:6)
  A kobold demonologist (D:13)
  3 tengu conjurers (D:15)
  An ancient zyme (Lair:6)
  3 meliai (D:13)
  6 trolls
  3 polar bears
  5 hornets
  10 dream sheep (Lair:5)
  14 slime creatures
  38 blink frogs
  An air elemental (Elf:1)
  30 yaks
  8 spriggans (Lair:2)
  10 basilisks
  6 wraiths
  3 wyverns
  Grum (D:9)
  A fire elemental (Elf:1)
  A ynoxinul (Lair:6)
  A human (shapeshifter) (Lair:6)
  4 vampire mosquitoes
  4 steam dragons
  3 chaos spawn (Lair:6)
  4 acid dragons
  25 water moccasins
  2 ice beasts
  25 orc warriors
  2 sky beasts
  8 small abominations (Lair:6)
  5 black bears
  A necrophage (D:8)
  16 wolves
  9 ogres
  8 centaurs
  2 phantoms
  A kobold brigand (D:6)
  11 bullfrogs
  2 gnoll sergeants (D:8)
  8 scorpions
  11 killer bees
  4 wights (D:8)
  A howler monkey (D:8)
  4 centaur zombies
  A bullfrog zombie (D:5)
  2 jellies
  3 hounds
  28 orc priests
  Jessica (D:3)
  A bullfrog skeleton (D:4)
  Terence (D:3)
  2 iguanas
  32 orc wizards
  A killer bee zombie (D:7)
  A hound zombie (D:3)
  A hound skeleton (D:4)
  4 howler monkey zombies
  11 gnolls
  2 howler monkey skeletons
  5 adders
  A white imp (D:8)
  2 worms
  2 dart slugs (D:1)
  77 orcs
  5 ball pythons
  9 endoplasms
  2 giant cockroaches
  6 goblins
  10 hobgoblins
  6 jackals
  3 kobolds
  5 quokkas
  6 bats
  6 frilled lizards
  5 rats
691 creatures vanquished.

Vanquished Creatures (others)
  A deep elf archer (Elf:1)
  A tengu conjurer (D:13)
  A sky beast (D:8)
  An orc wizard (Orc:2)
  2 foxfires (Lair:3)
  26 fungi
  45 plants
77 creatures vanquished.

Grand Total: 768 creatures vanquished

Notes
Turn   | Place    | Note
-------+----------+-------------------------------------------
     0 | D:1      | boopmooplesden the Minotaur Fighter began the quest for the
                  | Orb.
     0 | D:1      | Reached XP level 1. HP: 19/19 MP: 0/0
   169 | D:1      | Reached XP level 2. HP: 27/27 MP: 1/1
   479 | D:1      | Reached XP level 3. HP: 29/33 MP: 2/2
   645 | D:2      | Reached skill level 4 in Shields
  1111 | D:2      | Found a faded altar of an unknown god.
  1374 | D:3      | Reached skill level 1 in Dodging
  1374 | D:3      | Reached XP level 4. HP: 5/40 MP: 3/3
  1518 | D:3      | Noticed Terence
  1534 | D:3      | Killed Terence
  1735 | D:3      | Reached XP level 5. HP: 46/46 MP: 4/4
  1818 | D:3      | Reached skill level 5 in Long Blades
  1920 | D:3      | Noticed Jessica
  1933 | D:3      | Killed Jessica
  2208 | D:3      | Noticed a black bear
  2219 | D:3      | Killed a black bear
  2220 | D:3      | Reached XP level 6. HP: 17/53 MP: 5/5
  2472 | D:3      | Found a white marble altar of Elyvilon.
  2848 | D:4      | Reached skill level 5 in Shields
  3043 | D:4      | Reached skill level 5 in Armour
  3225 | D:4      | Reached XP level 7. HP: 34/60 MP: 6/6
  3953 | D:5      | Entered Level 5 of the Dungeon
  4235 | D:5      | Reached skill level 5 in Fighting
  4235 | D:5      | Reached skill level 6 in Shields
  4235 | D:5      | Reached XP level 8. HP: 60/68 MP: 7/7
  5097 | D:5      | Gained mutation: You are somewhat resistant to further
                  | mutation. [potion of mutation]
  5097 | D:5      | Gained mutation: You have a somewhat thin skeletal
                  | structure. (Dex +2, Stealth+) [potion of mutation]
  5098 | D:5      | Lost mutation: You have a somewhat thin skeletal structure.
                  | (Dex +2, Stealth+) [potion of mutation]
  5098 | D:5      | Lost mutation: You are somewhat resistant to further
                  | mutation. [potion of mutation]
  5098 | D:5      | Gained mutation: Your spells are a little harder to cast,
                  | but a little more powerful. [potion of mutation]
  5098 | D:5      | Gained mutation: You have sharp toenails. [potion of
                  | mutation]
  5098 | D:5      | Lost mutation: You have sharp toenails. [potion of
                  | mutation]
  5098 | D:5      | Gained mutation: You passively dampen the noise of your
                  | surroundings. [potion of mutation]
  5126 | D:6      | Reached skill level 7 in Shields
  5295 | D:6      | Found a staircase to the Ecumenical Temple.
  5308 | Temple   | Entered the Ecumenical Temple
  5313 | Temple   | Became a worshipper of Warmaster Okawaru
  5383 | D:6      | Identified the +11 dagger of Ru's Approval {vorpal, *Rage
                  | rC++}
  5529 | D:6      | Reached XP level 9. HP: 64/75 MP: 8/8
  5846 | D:6      | Found a shimmering blue altar of Sif Muna.
  6075 | D:7      | Reached * piety under Okawaru
  6078 | D:7      | Reached skill level 8 in Shields
  6136 | D:7      | Reached skill level 1 in Short Blades
  6261 | D:7      | Reached skill level 1 in Stealth
  6346 | D:7      | Found an ornate altar of the Wu Jian Council.
  7028 | D:8      | Reached skill level 9 in Shields
  7074 | D:8      | Reached ** piety under Okawaru
  7279 | D:8      | Reached XP level 10. HP: 78/84 MP: 9/9
  7318 | D:8      | Noticed a two-headed ogre
  7329 | D:8      | Killed a two-headed ogre
  7536 | D:8      | Reached *** piety under Okawaru
  7537 | D:8      | Reached skill level 5 in Short Blades
  7802 | D:8      | Reached skill level 10 in Shields
  8208 | D:9      | Noticed Maurice
  8226 | D:9      | Killed Maurice
  8226 | D:9      | Reached **** piety under Okawaru
  8266 | D:9      | Noticed Grum
  8280 | D:9      | Killed Grum
  8281 | D:9      | Reached skill level 10 in Armour
  8490 | D:9      | Found Naesod's Weapon Shop.
  8513 | D:9      | Noticed a two-headed ogre
  8525 | D:9      | Killed a two-headed ogre
  8653 | D:9      | Reached XP level 11. HP: 92/92 MP: 10/10
  8720 | D:9      | Reached ***** piety under Okawaru
  9565 | D:10     | Entered Level 10 of the Dungeon
  9572 | D:10     | Reached skill level 11 in Shields
  9619 | D:10     | Found a staircase to the Orcish Mines.
  9620 | D:10     | Noticed Sonja
  9646 | D:10     | Killed Sonja
  9814 | D:10     | Found a bloodstained altar of Trog.
  9834 | D:10     | Noticed a death yak
 10162 | D:10     | Found an opulent altar of Gozag.
 10164 | D:10     | Found a snail-covered altar of Cheibriados.
 10182 | D:10     | Found a blossoming altar of Fedhas.
 10416 | D:10     | Noticed Maggie
 10428 | D:10     | Killed Maggie
 10524 | D:10     | Noticed a white ugly thing
 10535 | D:10     | Killed a white ugly thing
 10535 | D:10     | Received a gift from Okawaru
 10568 | D:10     | Killed a death yak
 10573 | D:10     | Reached skill level 5 in Dodging
 10612 | D:10     | Noticed a death yak
 10614 | D:10     | Found a staircase to the Lair.
 10627 | D:10     | Killed a death yak
 10628 | D:10     | Noticed a death yak
 10661 | D:10     | Killed a death yak
 10974 | D:10     | Noticed Josephine
 10985 | D:10     | Reached skill level 12 in Shields
 10995 | D:10     | Killed Josephine
 11722 | Lair:1   | Entered Level 1 of the Lair of Beasts
 11722 | Lair:1   | Noticed Erica
 11746 | Lair:1   | Killed Erica
 11747 | Lair:1   | Reached XP level 12. HP: 82/103 MP: 11/11
 12207 | Lair:1   | Noticed a five-headed hydra
 12218 | Lair:1   | Killed a one-headed hydra
 12413 | Lair:1   | Reached ****** piety under Okawaru
 12414 | Lair:1   | Reached skill level 10 in Long Blades
 12434 | Lair:1   | Received a gift from Okawaru
 13598 | Lair:2   | Noticed a six-headed hydra
 13605 | Lair:2   | Killed a three-headed hydra
 13606 | Lair:2   | Reached skill level 13 in Shields
 13637 | Lair:2   | Received a gift from Okawaru
 13789 | Lair:2   | Reached skill level 10 in Fighting
 14104 | Lair:2   | Noticed Harold
 14120 | Lair:2   | Killed Harold
 14121 | Lair:2   | Reached XP level 13. HP: 84/114 MP: 12/12
 14672 | Lair:3   | Found a staircase to the Swamp.
 14708 | Lair:3   | Identified the +9 war axe of Heunkeh {vorpal, Str+4}
 14726 | Lair:3   | Received a gift from Okawaru
 14772 | Lair:3   | You fall into a shaft and drop 2 floors!
 15103 | Lair:5   | Identified the +3 leather armour "Wumiosch" {Regen+}
 15609 | Lair:5   | Reached skill level 14 in Shields
 16161 | Lair:6   | Entered Level 6 of the Lair of Beasts
 16161 | Lair:6   | Found a staircase to the Slime Pits.
 16216 | Lair:5   | Reached skill level 1 in Invocations
 16734 | Lair:6   | Identified the +1 plate armour "Boutifux" {rPois} (Okawaru
                  | gifted it to you on level 6 of the Lair of Beasts)
 16734 | Lair:6   | Received a gift from Okawaru
 17252 | Lair:6   | Noticed a dire elephant
 17267 | Lair:6   | Killed a dire elephant
 17268 | Lair:6   | Reached XP level 14. HP: 81/125 MP: 14/14
 18013 | Lair:6   | Reached skill level 15 in Shields
 18400 | Lair:6   | Received a gift from Okawaru
 18621 | Lair:6   | Found a corrupted altar of Lugonu.
 18621 | Lair:6   | Found a one-way gate to the infinite horrors of the Abyss.
 18625 | Lair:6   | Identified the +7 battleaxe of the Saving Wasp {venom,
                  | rCorr Int+3 Dex-3 SInv}
 18631 | Lair:6   | Identified the +4 ring mail of Uxaross {rPois rF- rCorr
                  | Dex+5}
 18843 | Lair:6   | Identified 2 scrolls of acquirement
 18843 | Lair:6   | Acquired a +1 kite shield of positive energy
 18854 | Lair:6   | Acquired a manual of Armour
 19624 | Lair:4   | Found a staircase to the Snake Pit.
 20869 | Lair:3   | Identified the +8 mace "Baacw" {antimagic, Stlth+}
 20891 | Lair:3   | Reached skill level 16 in Shields
 21169 | Orc:1    | Entered Level 1 of the Orcish Mines
 21413 | Orc:1    | Found Qafeh's Book Emporium.
 21450 | Orc:2    | Entered Level 2 of the Orcish Mines
 21450 | Orc:2    | Found Eqyzeew's Antique Weapon Boutique.
 21494 | Orc:2    | Noticed an orc warlord
 21885 | Orc:2    | Killed an orc warlord
 22302 | Orc:2    | Paralysed by an orc sorcerer for 4 turns
 22659 | Orc:2    | Found Ivoblafuhu's General Store.
 22659 | Orc:2    | Found Leumydev's General Store.
 22680 | Orc:2    | Found Solied's Jewellery Emporium.
 22684 | Orc:2    | Found Vylamocsan's Book Emporium.
 22826 | Orc:2    | Found a staircase to the Elven Halls.
 22869 | Orc:2    | Received a gift from Okawaru
 22870 | Orc:2    | Reached XP level 15. HP: 134/134 MP: 15/15
 23096 | D:11     | Found Huycoof's Antique Weapon Shoppe.
 23375 | D:11     | Identified the +1 pair of gloves of Cauwk {Harm Int+4}
 23861 | D:11     | Noticed Nergalle
 23870 | D:11     | Killed Nergalle
 24097 | D:11     | Reached skill level 1 in Axes
 25153 | D:13     | Found a radiant altar of Vehumet.
 25547 | D:13     | Received a gift from Okawaru
 25824 | D:13     | Reached skill level 5 in Axes
 25824 | D:13     | Reached skill level 17 in Shields
 26891 | D:14     | Found a gate to the Vaults.
 26937 | D:14     | Received a gift from Okawaru
 27910 | D:15     | Entered Level 15 of the Dungeon
 28229 | D:15     | Received a gift from Okawaru
 28693 | D:15     | Found a staircase to the Depths.
 28983 | Elf:1    | Entered Level 1 of the Elven Halls
 29031 | Elf:1    | Paralysed by an air elemental for 1 turns
 29110 | Elf:1    | Reached XP level 16. HP: 144/144 MP: 16/16
 29192 | Elf:1    | HP: 2/144 [deep elf archer/arrow (24)]
 29238 | Elf:1    | Killed from afar by a deep elf zephyrmancer

Illustrated notes

Levels and vault maps discovered:
D:1:      tarquinn_simple_flora_water_d, layout_rooms, serial_curves,
          eino_curves_02, eino_curves_01, serial_bayou_pond_a,
          minmay_misc_feat_nine_boxes
D:2:      layout_basic, hellmonk_ecumenical_altar_dog_temple,
          kennysheep_big_empty_room
D:3:      layout_basic, lemuel_tele_altar, uniq_jessica, uniq_terence
D:4:      layout_basic
D:5:      layout_loops_corners
D:6:      layout_cave_pools, mainiacjoe_overflow_six_doors_small,
          minmay_temple_entry_water_ring
D:7:      layout_basic, kennysheep_little_box, minivault_10, solitary_fountain,
          chequers_serial_rivers_room_b
D:8:      minmay_imperfect_grid, layout_rooms, nrook_mini_vaults,
          minmay_misc_feat_enclosed, lemuel_another_geyser
D:9:      layout_roguey, special_room [special_room_orc], serial_shops,
          nicolae_square_shop, uniq_grum, uniq_maurice
D:10:     layout_stronghold, trog_butcher_becter,
          gammafunk_temple_overflow_forgotten, dpeg_lair_monsters,
          uniq_josephine, uniq_sonja, uniq_maggie
D:11:     layout_long_grid, serial_shops, shop, uniq_nergalle
D:12:     layout_basic
D:13:     layout_long_grid, minmay_misc_feat_five, vehumet_altar_wand_db
D:14:     layout_cave_pods, erik_vaults_2, infiniplex_staircase_zigzag_1,
          gauntlet_entry_generic, grunt_ogre_cave
D:15:     grunt_enter_depths_snipers, layout_loops_cross
Temple:   minmay_freezing_vapour_temple
Lair:1:   layout_loops_ring, serial_bayou_shore_a, grunt_megastairs_5,
          uniq_erica
Lair:2:   kb_forest_paths, layout_regular_city, serial_bayou_shore_b,
          uniq_harold
Lair:3:   layout_regular_city, minmay_swamp_entry_wisps, serial_bayou_shore_b
Lair:4:   layout_small_grid, dummy_snake_entry, minmay_lair_oklob_chamber
Lair:5:   layout_regular_city, lemuel_fruit_tree
Lair:6:   hellmonk_lair_end_abyssal_woods, layout_cellular_growth, slime_dummy,
          minmay_shattered_shrine
Orc:1:    layout_caves, serial_shops, nicolae_shop_trees
Orc:2:    st_orc_mages, layout_caves, serial_shops, shop
Elf:1:    layout_geoelf_octagon, hangedman_elf_disciples,
          nicolae_twisting_strands, st_stairs_6, guppyfry_library_mini

Skill      XL: |  1  2  3  4  5  6  7  8  9 10 11 12 13 14 15 |
---------------+----------------------------------------------+-----
Armour         | 4 5 6 7 9 10 11 12 13 14 | 14.2
Long Blades    | 3 4 5 6 7 9 11 13 14 | 14.5
Shields        | 4 5 6 7 9 10 12 13 14 16 17 | 17.6
Fighting       | 4 5 6 7 8 10 11 12 13 | 13.6
Dodging        | 1 2 3 4 5 6 7 8 9 |  9.3
Short Blades   | 3 7 9 |  9.8
Stealth        | 1 2 |  2.8
Invocations    | 1 2 |  2.2
Axes           | 9 |  9.4

Action                   |  1- 3 |  4- 6 |  7- 9 | 10-12 | 13-15 | 16-18 || total
-------------------------+-------+-------+-------+-------+-------+-------++-------
Melee: Long sword        |   101 |   105 |    81 |       |       |       ||   287
       Headbutt          |    16 |    16 |    69 |   152 |   402 |     5 ||   660
       Falchion          |       |       |   106 |       |       |       ||   106
       Dagger            |       |       |   117 |   437 |   188 |       ||   742
       Scimitar          |       |       |       |   153 |   902 |       ||  1055
       Demon blade       |       |       |       |   101 |       |       ||   101
       War axe           |       |       |       |       |   342 |    25 ||   367
Throw: Throwing net      |       |       |       |       |     1 |       ||     1
Invok: Heroism           |       |       |       |     5 |    21 |     2 ||    28
  Use: Scroll            |     4 |     3 |     3 |     7 |    13 |       ||    30
       Potion            |       |     2 |     3 |     1 |     5 |       ||    11
 Stab: Distracted        |       |       |       |       |     1 |       ||     1
       Sleeping          |       |       |       |       |     1 |       ||     1
Armor: Scale mail        |    70 |    65 |    73 |       |       |       ||   208
       Chain mail        |       |       |    97 |    49 |       |       ||   146
       Fire dragon scale |       |       |       |   197 |   558 |    17 ||   772
Dodge: Dodged            |    40 |    40 |    78 |   197 |   506 |    17 ||   878
Block: Kite shield       |    68 |    74 |   178 |   461 |  1351 |    50 ||  2182
       Reflection        |       |       |       |       |    19 |    14 ||    33
       Rpst.: Long sword |    15 |     6 |     4 |       |       |       ||    25
       Falchion          |       |       |    12 |       |       |       ||    12
       Scimitar          |       |       |       |    15 |    75 |       ||    90
       Demon blade       |       |       |       |     4 |       |       ||     4
